Map: Ever Dream LE

Players

bars

  • Race: Protoss Protoss
  • Spawn Location: 7:00

BleedingME - Winner!

  • Race: Terran Terran
  • League: Platinum
  • Spawn Location: 1:00

VOD

Have the link to the VOD?

Description

Time

  • Played on: Aug. 2, 2020, 8:55 p.m.
  • Length: 7:55
Show
View Real Time Build Order
Export as new Build Order

bars Protoss 

Build Orders:  

Get SALT Encoding   

  12  0:00  Probe  
  13  0:12  Probe  
  14  0:17  Pylon  
  14  0:24  Probe  
  15  0:36  Probe  
  15  0:38  Gateway  
  16  0:48  Probe  
  17  0:59  Assimilator  
  17  1:00  Probe  
  17  1:03  Pylon  
  18  1:13  Probe  
  19  1:25  Probe  
  20  1:27  Cybernetics Core  
  20  1:32  Zealot  
  22  1:37  Probe  
  23  1:44  Forge  
  23  1:49  Probe  
  24  1:54  Gateway  
  24  2:02  Warp Gate (Chrono Boost)  
  22  2:16  Protoss Ground Armor Level 1 (Chrono Boost)  
  22  2:28  Zealot  
  24  2:35  Gateway  
  24  2:37  Gateway  
  24  2:43  Gateway  
  24  2:49  Pylon  
  24  2:57  Pylon  
  24  3:13  Stalker  
  24  3:14  Stalker  
  28  3:42  Nexus  
  28  3:50  Pylon  
  28  4:18  Protoss Ground Weapons Level 1 (Chrono Boost), Pylon  
  28  4:28  Stalker  
  28  4:29  Stalker  
  31  4:57  Probe x2  
  33  5:03  Stalker x2  
  33  5:06  Zealot  
  39  5:07  Zealot x2  
  34  5:28  Stalker  
  34  5:33  Zealot  
  34  5:34  Zealot x2  
  28  6:56  Probe (Chrono Boost)  
  28  7:01  Probe (Chrono Boost)  
  31  7:09  Probe (Chrono Boost)  
  31  7:18  Probe  
  32  7:30  Probe (Chrono Boost)  
  33  7:42  Probe (Chrono Boost)  
Show
View Real Time Build Order
Export as new Build Order

BleedingME Terran - Winner!

Build Orders:  

Get SALT Encoding   

  12  0:00  SCV  
  13  0:12  SCV  
  14  0:19  Supply Depot  
  14  0:24  SCV  
  15  0:41  SCV  
  16  0:45  Barracks  
  16  0:48  Refinery  
  16  0:53  SCV  
  17  1:05  SCV  
  18  1:17  SCV  
  19  1:32  Orbital Command  
  19  1:33  Supply Depot, Marine  
  20  1:50  Marine  
  21  2:01  SCV  
  22  2:08  Marine  
  22  2:13  SCV  
  23  2:18  Factory  
  23  2:25  Command Center, SCV  
  23  2:26  Marine  
  25  2:38  SCV  
  25  2:39  Refinery  
  25  2:44  Supply Depot, Marine  
  26  2:50  SCV  
  28  3:02  Marine, SCV  
  28  3:04  Starport  
  32  3:06  Hellion  
  32  3:14  Supply Depot  
  32  3:16  SCV  
  33  3:20  Marine  
  34  3:30  Hellion  
  34  3:34  SCV  
  37  3:37  Marine  
  38  3:45  Medivac  
  38  3:47  Orbital Command  
  40  3:51  Hellion  
  40  3:55  Marine  
  43  4:06  Orbital Command  
  42  4:10  Barracks  
  42  4:16  Factory Tech Lab  
  42  4:25  Marine  
  42  4:29  Medivac  
  45  4:31  SCV x2  
  45  4:37  Engineering Bay  
  45  4:38  Engineering Bay  
  47  4:43  Marine, SCV  
  47  4:45  Barracks  
  49  4:52  SCV  
  50  4:56  Supply Depot  
  51  5:01  Marine, Barracks Tech Lab  
  51  5:02  Siege Tank  
  51  5:03  SCV  
  51  5:04  SCV  
  58  5:15  SCV  
  58  5:16  Starport Reactor, SCV  
  58  5:18  Refinery  
  58  5:19  Marine  
  59  5:27  SCV  
  60  5:37  Marine x2, Siege Tank  
  60  5:38  SCV  
  66  5:47  SCV  
  64  5:54  Marine x2  
  49  6:09  Siege Tank  
  49  6:12  Marine  
  49  6:14  Marine  
  49  6:17  SCV  
  51  6:22  Medivac  
  52  6:30  Marine, SCV  
  52  6:32  Marine  
  55  6:33  Supply Depot  
  55  6:37  Supply Depot  
  55  6:42  Siege Tank  
  55  6:43  SCV  
  59  6:48  Marine  
  59  6:50  Marine  
  61  6:55  SCV  
  61  7:00  Orbital Command  
  62  7:06  Marine  
  62  7:08  Marine  
  64  7:16  Supply Depot  
  64  7:18  Barracks Reactor  
  64  7:25  Marine  
  66  7:30  Refinery x2  
  66  7:33  SCV  
  66  7:34  SCV  
Tags
 
League
Platinum
Matchup
PvT
Spawn Locations
Cross Positions
Add a new tag
Caveats
  • Supply blocks, unpowered buildings, or Contaminate may cause inaccurate times.
  • Supply counts are checked every 10 seconds.